AoeStats
← spadaccinho91

Arabia

510432497Analyzed
1v1 RM · 1d ago on Oct 1, 2026· 34m 20s· 2 players
Game mode
Random Map
Map size
Tiny (2 player)
Population
200
Speed
Normal
Resources
Standard
Victory
Conquest
Starting age
Dark Age
Ending age
Imperial Age
RankedLock teamsTeams togetherTeam positionsShared explorationLock speedFull tech treeHidden civsTurbo modeCheats
Victory
Defeat
🇮🇹 Bulgarians · Italy
1024
+16
🇺🇸 Vietnamese · United States
1029
-16
spadaccinho91
7:18 Loom
10:11 Feudal Age
11:18 Arson
14:31 Double-Bit Axe
22:23 Castle Age
20:25 Fletching
22:01 Wheelbarrow
22:42 Padded Archer Armor
22:27 Elite Skirmisher
24:42 Bodkin Arrow
32:38 Thumb Ring
34:38 Hand Cart
34:09 Town Watch
Bad Bad Barry
7:48 Loom
10:15 Feudal Age
10:51 Double-Bit Axe
13:31 Fletching
17:26 Wheelbarrow
16:51 Horse Collar
23:45 Castle Age
26:16 Bow Saw
26:12 Heavy Plow
28:48 Imperial Age
26:43 Crossbowman
27:28 Thumb Ring
28:21 Hand Cart
28:23 Gold Mining
29:18 Ballistics
31:42 Chemistry
32:34 Elite Skirmisher
Connection lost

Rejoining the realm…

Still unreachable

The connection could not be restored.

Session expired

The server has moved on; the page needs a fresh start.